 Seeded DCSS version 0.28-a0-1567-g1695149f81 (webtiles) character file.

Game seed: 41976 (custom seed)

146 knot the Chopper (level 5, -7/61 HPs)
             Began as a Demonspawn Berserker on Jan 20, 2022.
             Was a Believer of Trog.
             Mangled by an orc warrior (11 damage)
             ... on level 4 of the Dungeon.
             The game lasted 00:03:45 (3627 turns).

knot the Chopper (Demonspawn Berserker)             Turns: 3627, Time: 00:03:46

Health: -7/61      AC:  2    Str: 17    XL:     5   Next: 7%
Magic:  5/5        EV: 12    Int: 10    God:    Trog [**....]
Gold:   167        SH:  4    Dex: 13    Spells: 4/4 levels left

rFire   . . .      SeeInvis .   i - +1 trident (venom)
rCold   . . .      Faith    .   (no shield)
rNeg    . . .      Spirit   .   b - +0 animal skin
rPois   .          Reflect  .   (helmet restricted)
rElec   .          Harm     .   (no cloak)
rCorr   .          Rampage  .   (no gloves)
Will    .....                   (no boots)
Stlth   ..........              (no amulet)
HPRegen 0.20/turn               (no ring)
MPRegen 0.09/turn               (no ring)

@: berserking, very quick
A: horns 1, large bone plates 1
a: Renounce Religion, Berserk, Trog's Hand


You were on level 4 of the Dungeon.
You worshipped Trog.
Trog was pleased with you.
You visited 1 branch of the dungeon, and saw 4 of its levels.

You collected 167 gold pieces.

Inventory:

Hand Weapons
 a - a +0 hand axe
 i - a +1 trident of venom (weapon)
Missiles
 e - 48 stones (quivered)
 g - 52 sling bullets
Armour
 b - a +0 animal skin (worn)
Scrolls
 j - a scroll of noise {unknown}
 k - a scroll of acquirement {unknown}
 m - a scroll of amnesia {unknown}
Potions
 c - 4 potions of curing {unknown}
 d - a potion of haste {unknown}
 f - 2 potions of flight {unknown}
 h - a potion of magic {unknown}
 l - a potion of lignification {unknown}
 n - a potion of resistance {unknown}


   Skills:
 - Level 3.0 Fighting
 * Level 5.2 Axes
 * Level 0.2 Throwing
 - Level 1.7 Armour
 - Level 1.7 Dodging


You had 4 spell levels left.
You didn't know any spells.
Your spell library was empty.

Dungeon Overview and Level Annotations

Branches:
Dungeon (4/15)
 Temple: D:4-7

Altars:

Shops:
D:1 [   D:2 *:[


Innate Abilities, Weirdness & Mutations

You have a pair of small horns on your head.
You are partially covered in large bone plates. (SH +4)


Message History

Trog accepts your kill. You block the goblin's attack.
An orc comes into view. It is wielding a +0 trident.
You closely miss the orc warrior. Your headbutt misses the orc warrior.
The goblin barely misses you.
Unknown command.
You hit the orc warrior.
The orc warrior is poisoned.
The orc warrior is lightly wounded.
The orc warrior closely misses you. The goblin barely misses you.
The orc closely misses you. The orc priest closely misses you.
You barely miss the orc warrior.
The orc warrior is lightly wounded.
The orc warrior hits you with a +0 long sword!
The goblin closely misses you. The orc hits you with a +0 club.
The orc priest barely misses you. You block the orc warrior's attack.
The goblin barely misses you.
Unknown command.
A red film seems to cover your vision as you go berserk!
You feel yourself moving faster!
You feel mighty! The orc closely misses you. The orc priest closely misses you.
The orc warrior closely misses you. You block the goblin's attack.
You barely miss the orc warrior. You headbutt the orc warrior!
The orc warrior is heavily wounded.
The orc misses you. You block the orc's attack.
The orc priest hits you with a +0 short sword.
You puncture the orc warrior!
The orc warrior looks as sick as possible!
The orc warrior is severely wounded.
The orc warrior hits you with a +0 long sword!!
* * * LOW HITPOINT WARNING * * *
The goblin hits you with a +0 club.
* * * LOW HITPOINT WARNING * * *
The orc hits you with a +0 club.
* * * LOW HITPOINT WARNING * * *
The orc hits you from afar with a +0 trident.
* * * LOW HITPOINT WARNING * * *
You barely miss the orc priest. Your headbutt misses the orc priest.
The orc priest closely misses you.
The orc warrior hits you with a +0 long sword!
You die...

###### #....
..#.. #...
#..# #..#
#g.####
.#...#
#@o...# ...o#
#ooo...#
#.oo#
#......# #
#...#
#........
##.#..o##
#.#...#.#
........##
..##.## #
.........####
### ..
#.K..<.....#
...
#......(.>...


You could see an orc warrior (extremely poisoned), an orc priest, 2 orcs and a
goblin.

Vanquished Creatures
  Robin (D:2)
  4 adders
  3 worms
  A dart slug (D:3)
  5 orcs (D:3)
  4 endoplasms
  14 goblins
  8 hobgoblins
  8 jackals
  4 quokkas
  6 ball pythons
  4 bats
  3 frilled lizards
  6 kobolds
  7 rats
78 creatures vanquished.

Notes
Turn   | Place    | Note
-------+----------+-------------------------------------------
     0 | D:1      | knot the Demonspawn Berserker began the quest for the Orb.
     0 | D:1      | Reached XP level 1. HP: 18/18 MP: 1/1
    83 | D:1      | Reached skill level 3 in Axes
   375 | D:1      | Gained mutation: You have a pair of small horns on your
                  | head. [demonic ancestry]
   375 | D:1      | Reached XP level 2. HP: 24/24 MP: 2/2
   927 | D:1      | Found a faded altar of an unknown god.
  1148 | D:1      | Found Pimmai's Antique Armour Shoppe.
  1470 | D:2      | Found the +1 Delatra's gloves {ID++}
  1473 | D:2      | Noticed Robin
  1662 | D:1      | Reached XP level 3. HP: 22/29 MP: 3/3
  1827 | D:2      | Reached skill level 4 in Axes
  1950 | D:2      | Killed Robin
  2165 | D:2      | Reached XP level 4. HP: 29/35 MP: 4/4
  2379 | D:2      | Reached ** piety under Trog
  2640 | D:2      | Found Fasu's Assorted Antiques.
  2653 | D:2      | Found Teuth's Book Shop.
  2864 | D:2      | Found Paom's Armour Emporium.
  3067 | D:3      | Reached skill level 5 in Axes
  3616 | D:4      | Noticed an orc warrior
  3617 | D:4      | Gained mutation: You are partially covered in large bone
                  | plates. (SH +4) [demonic ancestry]
  3617 | D:4      | Reached XP level 5. HP: 39/41 MP: 5/5
  3626 | D:4      | HP: 3/61 [orc (1)]
  3627 | D:4      | Mangled by an orc warrior

Illustrated notes

Levels and vault maps discovered:
D:1:      minmay_arrival_four_houses, layout_loops_ring,
          dreamdust_ecumenical_altar_hidden_monk_grotto, serial_shops, shop,
          serial_bayou_pond_d
D:2:      layout_loops_ring, serial_shops, nicolae_shop_trees,
          nicolae_shop_advertising_works [nicolae_subvault_shop_adworks],
          nicolae_shop_trees, uniq_robin
D:3:      layout_rooms, serial_bayou_pond_b, ebering_dispersal_statue_hall
D:4:      layout_loops_ring, uniq_sigmund, uniq_blork_the_orc

Skill      XL: |  1  2  3  4 |
---------------+-------------+-----
Axes           | 3 4 5 |  5.2
Fighting       | |  3.0
Throwing       | |  0.2
Armour         | |  1.7
Dodging        | |  1.7

Action                   |  1- 3 |  4- 6 || total
-------------------------+-------+-------++-------
Melee: Hand axe          |    94 |       ||    94
       Headbutt          |     7 |    11 ||    18
       Punch             |     1 |       ||     1
       Trident           |     6 |    90 ||    96
Invok: Berserk           |     4 |     2 ||     6
 Stab: Distracted        |     1 |     1 ||     2
       Sleeping          |     1 |     3 ||     4
Armor: Animal skin       |    11 |    10 ||    21
Dodge: Dodged            |    61 |    42 ||   103
Block: Other             |       |     5 ||     5

Table legend: (Time is in decaauts)
 A = Elapsed time spent in this place.
 B = Non-inter-level travel time spent in this place.
 C = Inter-level travel time spent in this place.
 D = Time resting spent in this place.
 E = Time spent auto-exploring this place.
 F = Levels seen in this place.
 G = Mean time per level.
                   A        B        C        D        E       F      G
               +--------+--------+--------+--------+--------+-----+--------+
         Total |   3704 |   3588 |    116 |    819 |   2324 |   4 |  926.0 |
       Dungeon |   3704 |   3588 |    116 |    819 |   2324 |   4 |  926.0 |
               +--------+--------+--------+--------+--------+-----+--------+

Top non-repeatable levels by time:
     D:1: 1747 daAuts
     D:2: 1316 daAuts
     D:3: 623 daAuts
     D:4: 16 daAuts
